 Dungeon Crawl Stone Soup version 0.20.2-3-g29329e0561 (webtiles) character file.

1365 Alfie the Slasher (level 8, -13/70 HPs)
             Began as a Minotaur Fighter on Sept 1, 2020.
             Engulfed by a cloud of flame (21 damage)
             ... on level 6 of the Dungeon.
             The game lasted 00:11:25 (3752 turns).

Alfie the Slasher (Minotaur Fighter)                Turns: 3752, Time: 00:11:26

Health: -13/70     AC: 11    Str: 24    XL:     8   Next: 38%
Magic:  7/7        EV:  8    Int:  5    God:
Gold:   359        SH: 10    Dex:  9    Spells: 7/7 levels left

rFire    . . .     SeeInvis .   a - +2 long sword
rCold    . . .     Gourm    .   c - +0 shield
rNeg     . . .     Faith    .   b - +1 scale mail
rPois    .         Spirit   .   (helmet restricted)
rElec    .         Reflect  .   n - +1 cloak
rCorr    .         Harm     .   (no gloves)
MR       .....                  (no boots)
Stlth    ..........             (no amulet)
Regen    0.3/turn               (no ring)
MPRegen  0.1/turn               (no ring)

@: no status effects
A: retaliatory headbutt, hooves 1, horns 2, wild magic 1
a: no special abilities


You were on level 6 of the Dungeon.
You were not hungry.

You visited 1 branch of the dungeon, and saw 6 of its levels.

You collected 359 gold pieces.

Inventory:

Hand Weapons
 a - a +2 long sword (weapon)
Missiles
 e - 9 tomahawks (quivered)
Armour
 b - a +1 scale mail (worn)
 c - a +0 shield (worn)
 n - a +1 cloak (worn)
Wands
 x - a wand of digging (24/24)
Scrolls
 i - 2 scrolls of recharging
 k - a scroll of blinking
 p - 3 scrolls of remove curse
 r - a scroll of magic mapping
 s - a scroll of enchant weapon
 t - 3 scrolls of fog
Potions
 d - a potion of might
 h - a potion of lignification
 l - 2 potions of heal wounds {unknown}
 m - a potion of curing
 u - 2 potions of flight {unknown}
 w - 2 potions of agility {unknown}
Comestibles
 f - 4 bread rations
 g - 2 meat rations
 j - 3 fruits


   Skills:
 + Level 6.2 Fighting
 + Level 7.6 Long Blades
 + Level 2.1 Throwing
 + Level 6.6 Armour
 + Level 1.3 Dodging
 + Level 1.1 Stealth
 + Level 6.2 Shields


You had 7 spell levels left.
You didn't know any spells.

Dungeon Overview and Level Annotations

Branches:
Dungeon (6/15)             Temple (0/1) D:5

Altars:
Elyvilon
Gozag
Kikubaaqudgha
Ru
Sif Muna
Trog
Uskayaw


Innate Abilities, Weirdness & Mutations

You reflexively headbutt those who attack you in melee.
You have a pair of horns on your head.
You have large cloven feet.
Your spells are a little harder to cast, but a little more powerful.


Message History

As you read the scroll of magic mapping, it crumbles to dust.
You feel aware of your surroundings.
You sensed 2 shops/portals.
The worker ant closely misses you. You furiously retaliate!
You headbutt the worker ant. You closely miss the worker ant.
You kick the worker ant, but do no damage.
Your headbutt misses the worker ant.
The worker ant is moderately wounded.
You block the worker ant's attack.
You slash the worker ant! Your headbutt misses the worker ant.
The worker ant is almost dead.
You block the worker ant's attack.
You hit the worker ant.
The worker ant explodes!
The fiery explosion engulfs you!
Ouch! That really hurt!
You are engulfed in blazing flames.
* * * LOW HITPOINT WARNING * * *
You are engulfed in blazing flames.
You die...

..#### *,,*** ****,,,**,*,,,,
.....#******,** ***,,*,,,,,,
####....,,,*,* **,,,,,,,,
**###**,,,* **,*,,,,, ***,*
*,,,,,,, *** *,,,,,,, **,,,,,,,
############## *,,**,,,,
#######........§@§.#*****,**,,,<,
#.......##########.>....,,**,,,,,
#.####### *,,,,..?..,,,,,,,,, ..#
*,****####****,,,,, ###
*******,*** *,,,,, *,,,,,,,,,*
**,,,, *,,,,,,,,,* **,,,
*>,,,,,,,,* **** ***********


There were no monsters in sight!

Vanquished Creatures
  The ghost of Alfie the Bolt Thrower, an amateur OgHu (D:4)
  Grinder (D:5)
  Sigmund (D:3)
  2 phantoms (D:4)
  2 howler monkeys
  A centaur zombie (D:6)
  2 bullfrog skeletons (D:5)
  A hound (D:4)
  2 orc priests (D:4)
  A centaur skeleton (D:5)
  2 iguanas (D:4)
  5 worker ants
  3 gnolls (D:3)
  3 adders
  An ooze (D:5)
  An adder skeleton (D:5)
  A dart slug (D:1)
  A worm (D:3)
  3 leopard geckos
  8 orcs
  6 bats
  2 giant cockroaches (D:3)
  9 hobgoblins
  2 quokkas
  3 ball pythons
  3 frilled lizards
  12 goblins
  12 kobolds
  5 rats
96 creatures vanquished.

Notes
Turn   | Place    | Note
-------+----------+-------------------------------------------
     0 | D:1      | Alfie the Minotaur Fighter began the quest for the Orb.
     0 | D:1      | Reached XP level 1. HP: 19/19 MP: 0/0
    99 | D:1      | Reached XP level 2. HP: 24/27 MP: 1/1
   531 | D:1      | Reached XP level 3. HP: 31/33 MP: 2/2
   805 | D:2      | Found a sacrificial altar of Ru.
   817 | D:2      | Reached skill level 3 in Long Blades
  1017 | D:2      | Found a bloodstained altar of Trog.
  1593 | D:3      | Found an opulent altar of Gozag.
  1663 | D:3      | Reached XP level 4. HP: 32/40 MP: 3/3
  1707 | D:3      | Noticed Sigmund
  1735 | D:3      | Killed Sigmund
  1735 | D:3      | Reached skill level 4 in Long Blades
  1735 | D:3      | Reached skill level 5 in Shields
  1735 | D:3      | Reached XP level 5. HP: 12/47 MP: 4/4
  1752 | D:3      | Gained mutation: Your spells are a little harder to cast, but a little more powerful. [potion of mutation]
  1752 | D:3      | Gained mutation: You have large cloven feet. [potion of mutation]
  1935 | D:3      | Found a white marble altar of Elyvilon.
  1935 | D:3      | Found an ancient bone altar of Kikubaaqudgha.
  2014 | D:3      | Found a hide-covered altar of Uskayaw.
  2160 | D:3      | Reached XP level 6. HP: 53/55 MP: 5/5
  2265 | D:4      | Reached skill level 5 in Armour
  2406 | D:4      | Reached skill level 5 in Fighting
  2406 | D:4      | Reached skill level 5 in Long Blades
  2429 | D:4      | Reached skill level 1 in Throwing
  2496 | D:4      | Noticed Alfie's ghost (amateur OgHu)
  2516 | D:4      | Killed Alfie's ghost
  2516 | D:4      | Reached XP level 7. HP: 47/61 MP: 6/6
  2675 | D:4      | Reached skill level 6 in Long Blades
  2836 | D:4      | Found a deep blue altar of Sif Muna.
  3223 | D:5      | Entered Level 5 of the Dungeon
  3223 | D:5      | Noticed Grinder
  3227 | D:5      | Paralysed by Grinder for 4 turns
  3300 | D:5      | Reached skill level 1 in Stealth
  3300 | D:5      | Reached XP level 8. HP: 70/70 MP: 7/7
  3419 | D:5      | Reached skill level 7 in Long Blades
  3458 | D:5      | Paralysed by Grinder for 3 turns
  3464 | D:5      | Found a staircase to the Ecumenical Temple.
  3464 | D:5      | Paralysed by Grinder for 4 turns
  3469 | D:5      | Killed Grinder
  3469 | D:5      | Reached skill level 1 in Dodging
  3752 | D:6      | Engulfed by a cloud of flame

Skill      XL: |  1  2  3  4  5  6  7  8 |
---------------+-------------------------+-----
Fighting       | 4 5 6 |  6.2
Armour         | 4 5 6 |  6.6
Shields        | 4 5 6 |  6.2
Long Blades    | 3 4 5 6 7 |  7.6
Throwing       | 1 2 |  2.1
Stealth        | 1 |  1.1
Dodging        | 1 |  1.3

Action                   |  1- 3 |  4- 6 |  7- 9 || total
-------------------------+-------+-------+-------++-------
Melee: Long sword        |    99 |    72 |    79 ||   250
       Headbutt          |    14 |    13 |    17 ||    44
       Kick              |       |    10 |    27 ||    37
Throw: Tomahawk          |    16 |    12 |     2 ||    30
  Use: Scroll            |     4 |     8 |     6 ||    18
       Potion            |       |     5 |       ||     5
  Eat: Royal jelly       |     1 |       |       ||     1
       Bread ration      |       |     1 |       ||     1
       Fruit             |       |       |     3 ||     3
Armor: Scale mail        |    45 |    16 |    31 ||    92
Dodge: Dodged            |    36 |    21 |    18 ||    75
Block: Shield            |    76 |    29 |    32 ||   137
       Rpst.: Long sword |     6 |     4 |     7 ||    17
